 Dungeon Crawl Stone Soup version 0.30-a0-879-ga8ba668304 (webtiles) character file.

Game seed: 7623202456053500852

51 jimonade the Magician (level 4, -6/33 HPs)
             Began as a Djinni Warper on Mar 14, 2023.
             Mangled by a gnoll
             ... wielding a +0 whip
              (8 damage)
             ... on level 2 of the Dungeon.
             The game lasted 00:04:31 (997 turns).

jimonade the Magician (Djinni Warper)                Turns: 997, Time: 00:04:32

Health: -6/33      AC:  3    Str: 12    XL:     4   Next: 5%
Gold:   28         EV: 12    Int: 20    God:
                   SH:  0    Dex: 13

rFire   + + .      SeeInvis .    a - +0 spear
rCold   x . .      Faith    .    (no shield)
rNeg    . . .      Spirit   .    b - +0 leather armour
rPois   ∞          Reflect  .    (no helmet)
rElec   .          Rampage  .    (no cloak)
rCorr   .                        (no gloves)
Will    .....                    (boots unavailable)
Stlth   +                        (no amulet)
HPRegen 0.25/turn                h - +6 ring of intelligence
MPRegen 0.00/turn                (no ring)

@: flying
A: sickness immunity, fire resistance 2, cold vulnerability 1, float, innate
caster, HP casting, extra vitality 1
a: no special abilities


You were on level 2 of the Dungeon.
You visited 1 branch of the dungeon, and saw 2 of its levels.

You collected 28 gold pieces.

Inventory:

Hand Weapons
 a - a +0 spear (weapon)
 i - a +0 long sword
Missiles
 d - 7 boomerangs of dispersal
Armour
 b - a +0 leather armour (worn)
Magical Staves
 e - a staff of fire
Jewellery
 h - a +6 ring of intelligence (left hand)
Scrolls
 c - a scroll of blinking
 f - a scroll of noise {unknown}
 j - a scroll of identify {unknown}
Potions
 g - a potion of attraction {unknown}
 k - a potion of ambrosia {unknown}
 l - a potion of mutation {unknown}


   Skills:
 - Level 2.0 Fighting
 - Level 1.5 Polearms
 - Level 0.7 Throwing
 - Level 1.0 Armour
 - Level 2.1 Dodging
 + Level 3.6 Spellcasting


You knew the following spells:

 Your Spells              Type           Power      Damage    Failure   Level
a - Blink                 Tloc           36%        N/A       6%          2
b - Lesser Beckoning      Tloc           36%        N/A       6%          2
c - Vhi's Electric Charg  Tloc/Air       36%        N/A       12%         3
d - Teleport Other        Tloc           18%        N/A       12%         3
e - Manifold Assault      Tloc           18%        N/A       36%         4
f - Shock                 Conj/Air       72%        1d7       3%          1
Your spell library was empty.

Dungeon Overview and Level Annotations

Branches:
Dungeon (2/15)

Altars:

Shops:
D:1 ?


Innate Abilities, Weirdness & Mutations

You are immune to sickness and miasma.
You are immune to poison.
Your flesh is very heat resistant. (rF++)
You are vulnerable to cold. (rC-)
You float through the air rather than walking.
You learn spells naturally, not from books.
Your magical power is your life essence.
You have superior vitality. (+4 MHP)


Message History

a +0 dagger; a goblin corpse; a jackal corpse
Things that are here:
a +0 spear; a gnoll corpse
l - an inky potion
Items here: )) ††.
Aiming: Shock (safe; 3% risk of failure)
Press: ? - help, Q - select action, (/) - cycle Shift-Dir - straight line, f - you
Okay, then.
Search for what [? for help]? .
Aiming: Shock (safe; 3% risk of failure)
Press: ? - help, Q - select action, (/) - cycle Shift-Dir - straight line The zap hits the gnoll.
The gnoll is lightly wounded.
The zap misses the gnoll.
Aiming: Shock (safe; 3% risk of failure)
Press: ? - help, Q - select action, (/) - cycle Shift-Dir - straight line
Okay, then.
The zap hits the gnoll.
The gnoll is heavily wounded.
You hit the gnoll but do no damage.
The gnoll is heavily wounded.
The gnoll hits you with a +0 whip.
You completely miss the gnoll.
The gnoll is heavily wounded.
The gnoll hits you with a +0 whip!
You hit the gnoll.
The gnoll is heavily wounded.
The gnoll hits you with a +0 whip.
* * * LOW HITPOINT WARNING * * *
You barely miss the gnoll.
The gnoll is heavily wounded.
The gnoll hits you but does no damage.
You hit the gnoll.
The gnoll is severely wounded.
The gnoll hits you with a +0 whip.
* * * LOW HITPOINT WARNING * * *
You hit the gnoll but do no damage.
The gnoll is severely wounded.
The gnoll hits you with a +0 whip!
You die...

#.......(......# # ..#.#
#...g.g........# # #.#.#
#..K...........#### #.#.#
#................## ###
####.#.###................## #...
..#.#.. +................## .....
#.#.#.# #..........).....##
#.#...#.#.#.########.#####.....##
.........)...)))@g†..# #######
#.....#.#.##########.# ######
##... #.#.# #... ...... ##.
.)#.####################### #
.###........................ ..
######################### #. .#


You could see a gnoll.

Vanquished Creatures
  2 gnolls (D:2)
  A worm (D:2)
  A ball python (D:1)
  3 endoplasms (D:1)
  A giant cockroach (D:2)
  3 goblins (D:2)
  2 hobgoblins (D:1)
  4 jackals (D:2)
  A quokka (D:1)
  A bat (D:1)
  6 kobolds
  A rat (D:1)
26 creatures vanquished.

Notes
Turn   | Place    | Note
-------+----------+-------------------------------------------
     0 | D:1      | jimonade the Djinni Warper began the quest for the Orb.
     0 | D:1      | jimonade set off with the following spells memorised:
                  | Blink, Lesser Beckoning, Vhi's Electric Charge, Teleport
                  | Other, Manifold Assault.
     0 | D:1      | Reached XP level 1. HP: 18/18 MP: 0/0
   152 | D:1      | Reached XP level 2. HP: 23/23 MP: 0/0
   340 | D:1      | Found Yrphafer's Magic Scroll Boutique.
   358 | D:1      | Reached skill level 3 in Spellcasting
   886 | D:2      | Reached XP level 3. HP: 26/28 MP: 0/0
   886 | D:2      | Learned a level 1 spell: Shock
   984 | D:2      | Reached XP level 4. HP: 24/33 MP: 0/0
   997 | D:2      | Mangled by a gnoll

Illustrated notes

Levels and vault maps discovered:
D:1:      dpeg_arrival_refuge, layout_basic, serial_shops, shop
D:2:      layout_basic, grunt_ministairs_14, minmay_pentomino_t2

Skill      XL: |  1  2 |
---------------+-------+-----
Spellcasting   | 3 |  3.6
Fighting       | |  2.0
Polearms       | |  1.5
Throwing       | |  0.7
Armour         | |  1.0
Dodging        | |  2.1

Action                     |  1- 3 |  4- 6 || total
---------------------------+-------+-------++-------
  Melee: Spear             |    73 |     6 ||    79
         Punch             |     1 |       ||     1
   Cast: Shock             |    19 |     2 ||    21
   Stab: Sleeping          |     1 |       ||     1
 Armour: Leather armour    |    16 |     1 ||    17
  Dodge: Dodged            |    37 |       ||    37

Table legend: (Time is in decaauts)
 A = Elapsed time spent in this place.
 B = Non-inter-level travel time spent in this place.
 C = Inter-level travel time spent in this place.
 D = Time resting spent in this place.
 E = Time spent auto-exploring this place.
 F = Levels seen in this place.
 G = Mean time per level.
                   A        B        C        D        E       F      G
               +--------+--------+--------+--------+--------+-----+--------+
         Total |    998 |    954 |     44 |     19 |    584 |   2 |  499.0 |
       Dungeon |    998 |    954 |     44 |     19 |    584 |   2 |  499.0 |
               +--------+--------+--------+--------+--------+-----+--------+

Top non-repeatable levels by time:
     D:1: 733 daAuts
     D:2: 264 daAuts
